 Dungeon Crawl Stone Soup version 0.30-a0-1164-ge08a67761e (webtiles) character file.

Game seed: 16490831146810527656

1465 Adrian566 the Cutter (level 8, 0/59 HPs)
             Began as a Vampire Gladiator on Apr 29, 2023.
             Was an Initiate of Gozag.
             Slain by Grinder (3 damage)
             ... while paralysed by Grinder
             ... on level 6 of the Dungeon.
             The game lasted 00:06:46 (5603 turns).

Adrian566 the Cutter (Vampire Gladiator)            Turns: 5603, Time: 00:06:47

Health: 0/59       AC:  4    Str: 13    XL:     8   Next: 48%
Magic:  8/8        EV:  2    Int: 16    God:    Gozag
Gold:   222        SH:  0    Dex: 18    Spells: 7/7 levels left

rFire   x . .        j - +3 short sword (speed)
rCold   . . .        g - +0 kite shield
rNeg    + + .        b - +0 leather armour
rPois   +            (helmet restricted)
rElec   .            (no cloak)
rCorr   .            m - +0 pair of gloves
SInv    +            (no boots)
Will    .....        (no amulet)
Stlth   ++           p - ring "Mulad" {rPois rF- rN++ Int+6}
HPRegen 0.49/turn    (no ring)
MPRegen 0.11/turn

%: no passive effects
@: paralysed, about to teleport, mesmerised, healing quickly
A: alive, fangs 3, see invisible, vampiric 2, antennae 1, subdued magic 1
a: Exsanguinate, Renounce Religion, Potion Petition, Call Merchant, Bribe Branch


You were on level 6 of the Dungeon.
You worshipped Gozag.
Gozag was aware of your devotion.
You visited 1 branch of the dungeon, and saw 6 of its levels.
You also visited: Sewer.

You collected 485 gold pieces.
You spent 181 gold pieces at shops.
You paid 82 gold pieces to Gozag.

Inventory:

Hand Weapons
 a - a +0 long sword
 j - a +3 short sword of speed (weapon)
Missiles
 d - 4 throwing nets (quivered)
 e - 7 javelins
Armour
 b - a +0 leather armour (worn)
 c - a +0 helmet
 g - a +0 kite shield (worn)
 m - a +0 pair of gloves (worn)
Jewellery
 f - a ring of positive energy
 p - the ring "Mulad" (left hand) {rPois rF- rN++ Int+6}
   (You found it on level 4 of the Dungeon)

   [ring of intelligence]

   Int:       It affects your intelligence (+6).
   rF:        It makes you vulnerable to fire.
   rPois:     It protects you from poison.
   rN:        It greatly protects you from negative energy.
 x - an amulet of magic regeneration
 y - a ring of protection from cold
Scrolls
 k - 2 scrolls of immolation
 o - 2 scrolls of teleportation
 s - 2 scrolls of vulnerability
 t - a scroll of amnesia
Potions
 h - a potion of resistance
 i - a potion of degeneration
 l - 2 potions of curing
 r - 3 potions of brilliance


   Skills:
 + Level 3.6 Fighting
 + Level 6.9(7.4) Short Blades
 + Level 3.6(5.4) Long Blades
 + Level 1.6 Throwing
 + Level 3.1 Armour
 * Level 6.6 Dodging
 + Level 2.3 Stealth
 + Level 1.4 Shields


You had 7 spell levels left.
You didn't know any spells.
Your spell library contained the following spells:

 Spells                   Type           Power      Damage    Failure   Level
 Sublimation of Blood     Necr           0%         N/A       86%         2
 Petrify                  Tmut/Erth      0%         N/A       100%        4
 Irradiate                Conj/Tmut      0%         3d11      100%        5


Dungeon Overview and Level Annotations

Branches:
Dungeon (6/15)              Sewer (visited)
 Temple: D:4-7

Altars:
Gozag
Trog
Xom

Shops:
D:3 **[=*   D:6 =

Annotations:
D:6 Grinder, Maggie


Innate Abilities, Weirdness & Mutations

Your natural rate of healing is accelerated.
You have razor-sharp teeth.
You have supernaturally acute eyesight. (SInv)
You are afflicted with vampirism and can become a bat while bloodless.
You have a pair of small antennae on your head.
Your spells are a little easier to cast, but a little less powerful.


Message History

You hit Maggie.
Maggie is moderately wounded.
Grinder gestures at you. You resist with some effort.
Maggie closely misses you.
You barely miss Maggie.
Maggie is moderately wounded.
Grinder barely misses you. Maggie hits you with a +0 glaive!
You hit Maggie but do no damage.
Maggie is moderately wounded.
You barely miss Maggie.
Maggie is moderately wounded.
Grinder says, "Just stop there for a second..."
Grinder hits you but does no damage. Maggie hits you with a +0 glaive.
You are too injured to fight recklessly!
You are too injured to fight recklessly!
You are too injured to fight recklessly!
You are too injured to fight recklessly!
You are too injured to fight recklessly!
You are too injured to fight recklessly!
You are too injured to fight recklessly!
You are too injured to fight recklessly!
You are too injured to fight recklessly!
You are too injured to fight recklessly!
You are too injured to fight recklessly!
You are too injured to fight recklessly!
You are too injured to fight recklessly!
You are too injured to fight recklessly!
Unknown command.
Okay, then.
As you read the scroll of teleportation, it crumbles to dust.
You feel strangely unstable. Grinder gestures at you.
You suddenly lose the ability to move!
Maggie barely misses you. Grinder hits you but does no damage.
Maggie hits you but does no damage.
Grinder grins, showing sharp teeth.
Grinder hits you!
You writhe in agony.
Maggie hits you with a +0 glaive!
* * * LOW HITPOINT WARNING * * *
Grinder hits you.
You die...
Your body crumbles into a pile of gold.

### #.. #.#
#.##.#.# #.##.#.#
#@##.#.# ##@##.#.#
#.5.#.#.# ######
#...#.#.# ##.....
#...#.#.#####..####
#.>................
#..##.#.###########
#..##.#.# #..##.#.#
#.. #.#.#


You could see Maggie (mesmerising, empowered) and Grinder.

Vanquished Creatures
  Sigmund (D:2)
  The ghost of themarg the Caller, an amateur MfSu (D:4)
  Edmund (D:4)
  A black bear (D:6)
  An orc warrior (D:5)
  A centaur (D:6)
  A phantom (D:6)
  5 wights (D:6)
  2 hounds
  A jelly (D:5)
  3 orc wizards (D:5)
  Ijyb (D:3)
  Natasha (thrice) (D:3)
  An iguana (D:5)
  A hell rat (Sewer)
  3 gnolls (D:4)
  5 adders
  2 river rats (D:4)
  A shadow imp (D:5)
  3 worms
  2 dart slugs (D:2)
  6 orcs (D:5)
  3 endoplasms
  10 giant cockroaches
  7 goblins
  5 hobgoblins
  6 jackals
  6 kobolds
  2 quokkas
  3 ball pythons
  5 bats
  9 rats
102 creatures vanquished.

Notes
Turn   | Place    | Note
-------+----------+-------------------------------------------
     0 | D:1      | Adrian566 the Vampire Gladiator began the quest for the
                  | Orb.
     0 | D:1      | Reached XP level 1. HP: 16/16 MP: 1/1
   398 | D:1      | Reached XP level 2. HP: 22/22 MP: 2/2
   608 | D:1      | Found a faded altar of an unknown god.
  1193 | D:2      | Gained mutation: You are afflicted with vampirism and can
                  | become a bat while bloodless. [Vampire growth]
  1193 | D:2      | Reached XP level 3. HP: 18/27 MP: 3/3
  1430 | D:2      | Noticed Sigmund
  1447 | D:2      | Killed Sigmund
  1448 | D:2      | Reached skill level 1 in Armour
  1448 | D:2      | Reached XP level 4. HP: 32/34 MP: 4/4
  1448 | D:2      | Reached XP level 5. HP: 37/39 MP: 5/5
  2048 | D:3      | Found a bloodstained altar of Trog.
  2087 | D:3      | Found Okunn's Jewellery Shop.
  2118 | D:3      | Noticed Natasha
  2119 | D:3      | Noticed Ijyb
  2134 | D:3      | Killed Natasha
  2168 | D:3      | Killed Ijyb
  2213 | D:3      | Found Afuum's Assorted Antiques.
  2227 | D:3      | Reached XP level 6. HP: 46/46 MP: 6/6
  2352 | D:3      | Found Jutamp's Antique Armour Shop.
  2377 | D:3      | Found Dulual's Assorted Antiques.
  2384 | D:3      | Reached skill level 1 in Stealth
  2389 | D:3      | Bought a scroll of identify for 48 gold pieces
  2389 | D:3      | Bought a scroll of identify for 48 gold pieces
  2440 | D:3      | Noticed Natasha
  2451 | D:3      | Killed Natasha
  2864 | D:3      | Found Caawol's Assorted Antiques.
  2882 | D:3      | Noticed Natasha
  2892 | D:3      | Killed Natasha
  3034 | D:4      | Identified the ring "Mulad" {rPois rF- rN++ Int+6}
  3040 | D:4      | Found a runed translucent gate.
  3040 | D:4      | Found a runed translucent gate.
  3040 | D:4      | Found a runed translucent gate.
  3128 | D:4      | Reached skill level 5 in Dodging
  3188 | D:4      | Found a glowing drain.
  3199 | Sewer    | Entered a sewer
  3464 | D:4      | Noticed Edmund
  3471 | D:4      | Killed Edmund
  3472 | D:4      | Reached XP level 7. HP: 27/52 MP: 7/7
  3585 | D:4      | Found an opulent altar of Gozag.
  3739 | D:4      | Noticed themarg's ghost (amateur MfSu)
  3850 | D:4      | Killed themarg's ghost
  3851 | D:4      | Reached skill level 5 in Short Blades
  4029 | D:4      | Became a worshipper of Gozag Ym Sagoz the Greedy
  4095 | D:3      | Bought a kite shield for 85 gold pieces
  4202 | D:5      | Entered Level 5 of the Dungeon
  4650 | D:5      | HP: 2/52 [orc warrior/+0 glaive (15)]
  5090 | D:6      | Gained mutation: Your spells are a little easier to cast,
                  | but a little less powerful. [potion of mutation]
  5090 | D:6      | Gained mutation: You have a pair of small antennae on your
                  | head. [potion of mutation]
  5101 | D:6      | Found a shimmering altar of Xom.
  5148 | D:6      | Reached XP level 8. HP: 50/58 MP: 8/8
  5211 | D:6      | Reached skill level 1 in Shields
  5387 | D:6      | Found Doloh's One-of-a-Kind Rings.
  5585 | D:6      | Noticed Grinder
  5585 | D:6      | Noticed Maggie
  5600 | D:6      | Paralysed by Grinder for 4 turns
  5602 | D:6      | HP: 2/59 [Maggie/+0 glaive (17)]
  5603 | D:6      | Slain by Grinder

Illustrated notes

Levels and vault maps discovered:
D:1:      evilmike_arrival_hilbert_curve, layout_basic,
          hellmonk_ecumenical_altar_zigzags, chequers_serial_rivers_room_b
D:2:      layout_basic, st_stairs_6, chequers_serial_rivers_small_b,
          serial_park_tiny_2, interstate_on_off, minmay_misc_feat_chi,
          uniq_sigmund
D:3:      layout_basic, mainiacjoe_overflow_small_starburst, serial_shops, shop,
          shop, shop, shop_statue, nicolae_shop_rolling_square, uniq_natasha,
          uniq_ijyb
D:4:      layout_cave_pools, gup_sewer_entry_bubbles, ebering_ghost_gozag,
          uniq_edmund
D:5:      layout_loops_ring
D:6:      layout_basic, xom_teletrap_fun, nicolae_shop_unique_rings,
          uniq_grinder, uniq_maggie, uniq_pikel

Skill      XL: |  1  2  3  4  5  6  7  8 |
---------------+-------------------------+-----
Fighting       | 2 3 |  3.6
Short Blades   | 2 3 4 6 |  6.9
Armour         | 1 2 3 |  3.1
Dodging        | 4 5 6 |  6.6
Stealth        | 1 2 |  2.3
Shields        | 1 |  1.4
Long Blades    | |  3.6
Throwing       | |  1.6

Action                     |  1- 3 |  4- 6 |  7- 9 || total
---------------------------+-------+-------+-------++-------
  Melee: Long sword        |    14 |       |       ||    14
         Short sword       |    96 |   209 |   219 ||   524
         Bite              |    11 |    25 |    26 ||    62
         Punch             |       |     2 |       ||     2
    Use: Scroll            |       |    11 |     5 ||    16
         Potion            |       |     1 |    10 ||    11
   Stab: Sleeping          |       |     1 |       ||     1
 Armour: Leather armour    |    22 |    25 |    40 ||    87
  Dodge: Dodged            |    63 |    76 |    90 ||   229
  Block: Kite shield       |       |       |    48 ||    48

Table legend: (Time is in decaauts)
 A = Elapsed time spent in this place.
 B = Non-inter-level travel time spent in this place.
 C = Inter-level travel time spent in this place.
 D = Time resting spent in this place.
 E = Time spent auto-exploring this place.
 F = Levels seen in this place.
 G = Mean time per level.
                   A        B        C        D        E       F      G
               +--------+--------+--------+--------+--------+-----+--------+
         Total |   5448 |   5046 |    402 |    531 |   3627 |   7 |  778.3 |
       Dungeon |   5319 |   4917 |    402 |    531 |   3534 |   6 |  886.5 |
         Sewer |    128 |    128 |      0 |      0 |     92 |   1 |  128.0 |
               +--------+--------+--------+--------+--------+-----+--------+

Top non-repeatable levels by time:
     D:2: 1026 daAuts
     D:3: 1013 daAuts
     D:1: 978 daAuts
     D:4: 964 daAuts
     D:5: 854 daAuts
     D:6: 482 daAuts
   Sewer: 128 daAuts
